 Dungeon Crawl Stone Soup version 0.22-a0-619-ga0c6fd2 (webtiles) character file.

254 Hebeh the Magician (level 5, -1/28 HPs)
             Began as a Deep Elf Fire Elementalist on July 15, 2018.
             Slain by Grinder (5 damage)
             ... on level 3 of the Dungeon.
             The game lasted 00:14:45 (4043 turns).

Hebeh the Magician (Deep Elf Fire Elementalist)     Turns: 4043, Time: 00:14:46

Health: -1/28      AC:  5    Str:  5    XL:     5   Next: 90%
Magic:  0/14       EV: 13    Int: 21    God:
Gold:   97         SH:  0    Dex: 15    Spells: 4/13 levels left

rFire    . . .     SeeInvis .   b - +0 hand axe
rCold    . . .     Gourm    .   (no shield)
rNeg     . . .     Faith    .   a - +0 robe
rPois    .         Spirit   .   (no helmet)
rElec    .         Reflect  .   n - +1 cloak
rCorr    .         Harm     .   (no gloves)
MR       .....                  h - +0 pair of boots
Stlth    ++........             (no amulet)
HPRegen  0.09/turn              (no ring)
MPRegen  0.14/turn              (no ring)

@: very slightly contaminated
A: no striking features
a: no special abilities


You were on level 3 of the Dungeon.
You were not hungry.

You visited 1 branch of the dungeon, and saw 4 of its levels.

You collected 97 gold pieces.

Inventory:

Hand Weapons
 b - a +0 hand axe (weapon)
Missiles
 i - 49 sling bullets
 j - 56 stones (quivered)
 o - 20 bolts
 r - 15 arrows
 t - 4 tomahawks
Armour
 a - a +0 robe (worn)
 h - a +0 pair of boots (worn)
 n - a +1 cloak (worn)
Scrolls
 l - a scroll of teleportation
 m - a scroll of noise {unknown}
 p - a scroll of remove curse
 s - 2 scrolls of identify
Potions
 d - 2 potions of curing
 e - 2 potions of might {unknown}
 f - a potion of flight {unknown}
 k - 2 potions of brilliance {unknown}
 v - a potion of haste {unknown}
Comestibles
 c - 7 rations
 g - 4 chunks of flesh


   Skills:
 - Level 2.4 Dodging
 - Level 2.4 Stealth
 + Level 4.8 Spellcasting
 * Level 4.6 Conjurations
 + Level 4.6 Fire Magic


You had 4 spell levels left.
You knew the following spells:

 Your Spells              Type           Power        Failure   Level  Hunger
a - Flame Tongue          Conj/Fire      ###..        1%          1    None
b - Throw Flame           Conj/Fire      ###...       2%          2    None
c - Conjure Flame         Conj/Fire      ###.....     4%          3    ##.....
d - Inner Flame           Hex/Fire       ##......     13%         3    ##.....

Your spell library contained the following spells:

 Spells                   Type           Power        Failure   Level  Hunger
 Fireball                 Conj/Fire      ###.......   41%         5    #####..
 Sticky Flame             Conj/Fire      ###.....     16%         4    ####...


Dungeon Overview and Level Annotations

Branches:
Dungeon (4/15)
 Temple: D:4-7

Altars:
Cheibriados
Dithmenos
Elyvilon
Gozag
Kikubaaqudgha
Makhleb
Okawaru
Qazlal
Ru
Trog
Uskayaw
Xom
The Shining One

Annotations:
D:3 Grinder


Message History

Grinder gestures at you. Pain shoots through your body!
* * * LOW HITPOINT WARNING * * *
Casting: Flame Tongue (safe; 1% risk of failure)
Confirm with . or Enter, or press ? or * to list all spells.
Aiming: Flame Tongue (safe; 1% risk of failure)
Press: ? - help, Shift-Dir - straight line, f/p - Grinder
Aim: Grinder (severely wounded, unusually agile)
You miscast Flame Tongue.
You are very lightly contaminated with residual magic.
Lukewarm flames ripple over your body. Grinder barely misses you.
Casting: Flame Tongue (safe; 1% risk of failure)
Confirm with . or Enter, or press ? or * to list all spells.
Aiming: Flame Tongue (safe; 1% risk of failure)
Press: ? - help, Shift-Dir - straight line, f/p - Grinder
Aim: Grinder (severely wounded, unusually agile)
The flame tongue hits Grinder.
Grinder is almost dead.
Grinder hits you.
You die...

# ###8...8... #######
###8###8# ......# ###
### #####.########
#........<.
#.##.###..## ... #.#
#..# ## ###.##.###..#
#####...## #.....)..#
#.@5)..(..
##.#...#.###.###...##
#...........# ##
###...#.##### ##.##.#
#.##.# #..... ####.#
#..


You could see Grinder.

Vanquished Creatures
  An orc wizard (D:3)
  Crazy Yiuf (D:2)
  Terence (D:3)
  A gnoll (D:3)
  9 adders
  A worm (D:2)
  2 leopard geckos
  9 orcs
  3 ball pythons
  4 giant cockroaches
  7 goblins
  5 hobgoblins
  4 jackals (D:1)
  3 quokkas
  5 bats
  5 frilled lizards
  7 kobolds
  6 rats
74 creatures vanquished.

Notes
Turn   | Place    | Note
-------+----------+-------------------------------------------
     0 | D:1      | Hebeh the Deep Elf Fire Elementalist began the quest for the Orb.
     0 | D:1      | Reached XP level 1. HP: 10/10 MP: 6/6
   266 | D:1      | Reached XP level 2. HP: 15/15 MP: 2/8
  1241 | D:1      | Reached XP level 3. HP: 18/19 MP: 0/10
  1560 | D:2      | Learned a level 2 spell: Throw Flame
  1564 | D:2      | Learned a level 3 spell: Conjure Flame
  1568 | D:2      | Learned a level 3 spell: Inner Flame
  1590 | D:2      | Found a bloodstained altar of Trog.
  1826 | D:2      | Found an iron altar of Okawaru.
  1826 | D:2      | Found a white marble altar of Elyvilon.
  1826 | D:2      | Found a glowing golden altar of the Shining One.
  1896 | D:2      | Found a burning altar of Makhleb.
  2081 | D:2      | Reached XP level 4. HP: 24/24 MP: 8/11
  2441 | D:2      | Found an opulent altar of Gozag.
  2447 | D:2      | Found a sacrificial altar of Ru.
  2467 | D:2      | Found a hide-covered altar of Uskayaw.
  2467 | D:2      | Found a shadowy altar of Dithmenos.
  2467 | D:2      | Found a shimmering altar of Xom.
  2472 | D:2      | Found a snail-covered altar of Cheibriados.
  2559 | D:2      | Found a runed door.
  2625 | D:2      | Found a stormy altar of Qazlal.
  2782 | D:2      | Noticed Crazy Yiuf
  2787 | D:2      | Killed Crazy Yiuf
  3017 | D:3      | Found an ancient bone altar of Kikubaaqudgha.
  3069 | D:3      | Reached XP level 5. HP: 28/28 MP: 0/13
  3384 | D:3      | Noticed Terence
  3388 | D:3      | Killed Terence
  4032 | D:3      | Noticed Grinder
  4043 | D:3      | Slain by Grinder

Vault maps used:
D:1:      minmay_arrival_cross, serial_park_tiny_2
D:2:      lemuel_doored_altar, bloody_makhleb, minitemple,
          gammafunk_temple_overflow_claw, first_ration, trog_butcher_becter,
          uniq_crazy_yiuf_cottage
D:3:      nicolae_overflow_hidden_temple, minmay_misc_feat_pillars,
          uniq_terence, uniq_grinder
D:4:      lemuel_upstairs_altar, serial_shops, nicolae_shop_waterfront,
          minmay_fire_ice_demons

Skill      XL: |  1  2  3  4  5 |
---------------+----------------+-----
Conjurations   | 2 3 4 |  4.6
Spellcasting   | 4 |  4.8
Fire Magic     | 4 |  4.6
Dodging        | |  2.4
Stealth        | |  2.4

Action                   |  1- 3 |  4- 6 || total
-------------------------+-------+-------++-------
Melee: Hand axe          |    15 |       ||    15
Throw: Stone             |     5 |     6 ||    11
 Cast: Flame Tongue      |    66 |    68 ||   134
       Throw Flame       |     7 |    16 ||    23
       Conjure Flame     |       |     2 ||     2
  Use: Scroll            |       |     7 ||     7
  Eat: Chunk             |     4 |     2 ||     6
       Ration            |       |     1 ||     1
Armor: Robe              |    11 |     3 ||    14
Dodge: Dodged            |    35 |    10 ||    45

Table legend:
 A = Spawn XP
 B = Non-spawn XP
 C = Spawn XP percentage of total XP
 D = Spawn monster count
 E = Non-spawn monster count
 F = Spawn count percentage of total count
 G = Total turns spent on level
                    A         B        C        D         E        F      G
               +---------+---------+-------+---------+---------+-------+---------
         Total |       0 |     363 |   0.0 |       0 |      74 |   0.0 |  4043
               +---------+---------+-------+---------+---------+-------+---------
           D:1 |       0 |      46 |   0.0 |       0 |      28 |   0.0 |  1366
           D:2 |       0 |     136 |   0.0 |       0 |      20 |   0.0 |  1725
           D:3 |       0 |     167 |   0.0 |       0 |      25 |   0.0 |   844
           D:4 |       0 |      14 |   0.0 |       0 |       1 |   0.0 |   108
               +---------+---------+-------+---------+---------+-------+---------
